 Dungeon Crawl Stone Soup version 0.28.0 (webtiles) character file.

Game seed: 936721504405020426

72 RighteousDevil the Chopper (level 4, 0/35 HPs)
             Began as a Hill Orc Artificer on Feb 14, 2022.
             Was a Believer of Wu Jian.
             Slain by Crazy Yiuf (14 damage)
             ... on level 2 of the Dungeon.
             The game lasted 00:02:05 (2488 turns).

RighteousDevil the Chopper (Hill Orc Artificer)     Turns: 2488, Time: 00:02:05

Health: 0/35       AC:  8    Str: 16    XL:     4   Next: 25%
Magic:  4/4        EV:  6    Int: 11    God:    Wu Jian [**....]
Gold:   93         SH:  0    Dex: 11    Spells: 3/3 levels left

rFire   . . .      SeeInvis .   g - +0 rapier
rCold   . . .      Faith    .   (no shield)
rNeg    . . .      Spirit   .   i - +0 chain mail
rPois   .          Reflect  .   (no helmet)
rElec   .          Harm     .   (no cloak)
rCorr   .          Rampage  .   (no gloves)
Will    .....                   (no boots)
Stlth   ..........              (no amulet)
HPRegen 0.11/turn               (no ring)
MPRegen 0.09/turn               (no ring)

@: lethally poisoned (0 -> -5)
A: no striking features
a: Renounce Religion, Wall Jump


You were on level 2 of the Dungeon.
You worshipped Wu Jian.
Wu Jian was pleased with you.
You visited 1 branch of the dungeon, and saw 3 of its levels.

You collected 93 gold pieces.

Inventory:

Hand Weapons
 a - a +0 club
 g - a +0 rapier (weapon)
Armour
 b - a +0 leather armour
 i - a +0 chain mail (worn)
Jewellery
 l - a ring of resist corrosion
Wands
 c - a wand of flame (5) (quivered)
 d - a wand of charming (15)
Scrolls
 f - a scroll of amnesia {unknown}
 j - a scroll of torment {unknown}
 m - a scroll of teleportation {unknown}
Potions
 h - a potion of lignification {unknown}
 k - a potion of attraction {unknown}
Miscellaneous
 e - a piece from Xom's chessboard (15/15)


   Skills:
 - Level 1.2 Fighting
 + Level 5.0 Axes
 - Level 2.1 Armour
 - Level 0.7 Dodging
 - Level 0.7 Stealth
 - Level 3.0 Evocations


You had 3 spell levels left.
You didn't know any spells.
Your spell library was empty.

Dungeon Overview and Level Annotations

Branches:
Dungeon (3/15)

Altars:
Wu Jian

Annotations:
D:2 Crazy Yiuf


Message History

You open the door.
Okay, then.
Aiming: Throw Flame
Press: ? - help, Shift-Dir - straight line, f - Crazy Yiuf
Aim: Crazy Yiuf, wielding a +3 quarterstaff of chaos and wearing a +0 cloak (75% to hit)
The puff of flame hits Crazy Yiuf.
Crazy Yiuf is lightly wounded.
Crazy Yiuf grits, "Earwax snail return to song!"
Crazy Yiuf hits you but does no damage.
Unknown command.
Aiming: Throw Flame
Press: ? - help, Shift-Dir - straight line, f/p - Crazy Yiuf
Aim: Crazy Yiuf, wielding a +3 quarterstaff of chaos and wearing a +0 cloak (lightly wounded, 75% to hit)
The puff of flame hits Crazy Yiuf.
Crazy Yiuf is moderately wounded.
Crazy Yiuf hits you with a +3 quarterstaff of chaos.
You resist with some effort.
Unknown command.
Aiming: Throw Flame
Press: ? - help, Q - select action, (/) - cycle Shift-Dir - straight line, f/p - Crazy Yiuf
Aim: Crazy Yiuf, wielding a +3 quarterstaff of chaos and wearing a +0 cloak (moderately wounded, 75% to hit)
The puff of flame hits Crazy Yiuf.
Crazy Yiuf is severely wounded.
Crazy Yiuf hits you with a +3 quarterstaff of chaos!
Unknown command.
Aiming: Throw Flame
Press: ? - help, Q - select action, (/) - cycle Shift-Dir - straight line, f/p - Crazy Yiuf
Aim: Crazy Yiuf, wielding a +3 quarterstaff of chaos and wearing a +0 cloak (severely wounded, 75% to hit)
The puff of flame hits Crazy Yiuf.
Crazy Yiuf is severely wounded.
Crazy Yiuf hits you with a +3 quarterstaff of chaos.
You are poisoned.
Aiming: Throw Flame
Press: ? - help, Q - select action, (/) - cycle Shift-Dir - straight line, f/p - Crazy Yiuf
Aim: Crazy Yiuf, wielding a +3 quarterstaff of chaos and wearing a +0 cloak (severely wounded, 75% to hit)
The puff of flame hits Crazy Yiuf.
Crazy Yiuf is almost dead.
You feel sick.
Crazy Yiuf hits you with a +3 quarterstaff of chaos!
You die...

#............#
#########.
#.####.####..# ## #.#
#.# #..# #.# ### ####
#.# ## ###.# ###♣♣♣♣♣
#. ..#.# ##.+..♣.♣♣♣
### #.
#.#.###......♣..♣#...#
#.
#.#.##......♣♣♣♣@g...#
#. ..#.##...+.♣♣
♣♣#..)# #.
###.....##♣♣ ### #.
#.....# #. #.##### ##
#.# ######## #.#
#.##.#.### #.#
##.##.#...### #.#
#..##.......#


You could see Crazy Yiuf.

Vanquished Creatures
  2 adders (D:2)
  A worm (D:2)
  A dart slug (D:1)
  6 endoplasms (D:1)
  A giant cockroach (D:1)
  4 goblins
  2 hobgoblins (D:1)
  3 jackals (D:2)
  4 kobolds
  4 quokkas
  6 ball pythons (D:1)
  7 bats
  2 frilled lizards (D:2)
  6 rats
49 creatures vanquished.

Notes
Turn   | Place    | Note
-------+----------+-------------------------------------------
     0 | D:1      | RighteousDevil the Hill Orc Artificer began the quest for
                  | the Orb.
     0 | D:1      | Reached XP level 1. HP: 16/16 MP: 1/1
    55 | D:1      | Reached skill level 1 in Axes
   280 | D:1      | Reached skill level 2 in Axes
   424 | D:1      | Reached XP level 2. HP: 19/23 MP: 2/2
   526 | D:1      | Reached skill level 3 in Axes
   860 | D:1      | Found a faded altar of an unknown god.
   881 | D:1      | Prayed at the altar of an unknown god.
   881 | D:1      | Became a worshipper of the Wu Jian Council
   881 | D:1      | Reached * piety under Wu Jian
   895 | D:1      | Reached XP level 3. HP: 22/28 MP: 3/3
  1355 | D:2      | Reached skill level 4 in Axes
  1763 | D:2      | Reached XP level 4. HP: 29/35 MP: 4/4
  1946 | D:2      | Reached ** piety under Wu Jian
  2080 | D:2      | Found a runed translucent door.
  2081 | D:2      | Noticed Crazy Yiuf
  2420 | D:3      | Reached skill level 5 in Axes
  2488 | D:2      | Slain by Crazy Yiuf

Illustrated notes

Levels and vault maps discovered:
D:1:      lightli_arrival_windingriver, layout_rooms,
          chequers_ecumenical_altar_simple, minmay_tetromino_t2
D:2:      layout_loops_ring, uniq_crazy_yiuf_cottage
D:3:      layout_basic, solitary_fountain

Skill      XL: |  1  2  3  4 |
---------------+-------------+-----
Axes           | 2 3 4 5 |  5.0
Fighting       | |  1.2
Armour         | |  2.1
Dodging        | |  0.7
Stealth        | |  0.7
Evocations     | |  3.0

Action                   |  1- 3 |  4- 6 || total
-------------------------+-------+-------++-------
Melee: Club              |    15 |       ||    15
       Rapier            |    96 |    49 ||   145
       Punch             |     1 |       ||     1
Invok: Lunge             |     6 |     3 ||     9
       Whirlwind         |     1 |     1 ||     2
Evoke: Wand              |     5 |     5 ||    10
 Stab: Sleeping          |     1 |       ||     1
Armor: Leather armour    |    30 |       ||    30
       Chain mail        |    19 |    27 ||    46
Dodge: Dodged            |    83 |    16 ||    99
